[Event "*** Titled Tuesday Blitz"]
[Site "Chess.com"]
[Date "2020.11.24"]
[Round "5"]
[White "K_A_S_T_O_R"]
[Black "GigaQuparadze"]
[Result "1-0"]
[WhiteElo "2814"]
[BlackElo "2844"]
[TimeControl "180+1"]
[EndTime "11:13:27 PST"]
[Termination "K_A_S_T_O_R won by resignation"]

1. e4 c5 2. Nf3 e6 3. d4 cxd4 4. Nxd4 a6 5. Bd3 Nc6 6. Nxc6 dxc6 7. Nd2 e5 8. a4 Nf6 9. O-O Be6 10. Qe2 Bc5 11. Bc4 Qe7 12. Nf3 Bg4 13. h3 Bh5 14. a5 O-O 15. g4 Bg6 16. Bg5 h6 17. Bh4 Rad8 18. c3 Rd6 19. Rfe1 Qe8 20. Qc2 Kh8 21.
Bg3 Nd7 22. Rad1 Bh7 23. b4 Rxd1 24. Rxd1 Ba7 25. Qd3 Nf6 26. Re1 Bb8 27. Nh4 Qd8 28.
Qf3 Ne8 29. Nf5 Nd6 30. Rd1 Qf6 31. Be2 Nb5 32. Rd7 Bxf5 33. gxf5 Nd6 34. Kf1 Rd8 35.
Bxe5 Qg5 36. Bf4 Qh4 37. Qg3 Qf6 38. e5 Nxf5 39. exf6 Nxg3+ 40. Bxg3 Rxd7 41. fxg7+ Kxg7 42. Bxb8 f6 43. Bf4 Kg6 44. Be3 h5 45. Bf3 f5 46.
Ke2 Rd6 47. Bf4 Rd8 48. Ke3 Rd7 49. Be5 Rd8 50. h4 Rd7 51. Be2 Rd5 52. Bd4 Rd8 53. Bd3 Rf8 54. Kf4 Rf7 55. Be5 Rf8 56. Bc4 Re8 57.
Bd3 Rf8 58. f3 Rf7 59. Bc4 Rf8 60. Be6 Rd8 61. Bxf5+ Kf7 62. Be4 Rd1 63. Kg5 Ke6 64. Bd4 Rh1 65. Kxh5 Kf7 66. Kg5 Rh2 67. h5 Rg2+ 68.
Kf4 Rh2 69. Kg4 Rg2+ 70. Kh3 Rg5 71. Kh4 Rg2 72. h6 Rh2+ 73. Kg5 Rg2+ 74. Kf4 Rh2 75. h7 Rh4+ 76. Kg5 c5 77. Kxh4 1-0

[Event "*** Titled Tuesday Blitz"]
[Site "Chess.com"]
[Date "2020.11.24"]
[Round "5"]
[White "2nd_life"]
[Black "Harsha_Bharathakoti"]
[Result "0-1"]
[WhiteElo "2496"]
[BlackElo "2721"]
[TimeControl "180+1"]
[EndTime "11:13:28 PST"]
[Termination "Harsha_Bharathakoti won on time"]

1. e4 c5 2. Nf3 d6 3. Bb5+ Nd7 4. O-O a6 5. Bxd7+ Bxd7 6. Re1 Nf6 7. c3 Bg4 8. h3 Bh5 9. d3 e6 10. Nbd2 Be7 11.
Nf1 O-O 12. Ng3 Bg6 13. Nh4 Nd7 14. Nxg6 hxg6 15. Kh2 b5 16. f4 Bf6 17. a3 a5 18. Qg4 b4 19. axb4 axb4 20. Rxa8 Qxa8 21. cxb4 cxb4 22. h4 Nc5 23. Rd1 Bd4 24. h5 gxh5 25. Nxh5 f5 26. exf5 exf5 27. Qg5 Qd8 28. Qg6 Qe8 29.
Qxe8 Rxe8 30. Ng3 g6 31. Bd2 b3 32. Bb4 Na4 33. Bxd6 Nxb2 34. Rb1 Re6 35. Ba3 Nxd3 36. Rxb3 Nxf4 37. Rf3 Be5 38. Bb2 Bxb2 39. Rxf4 Re3 40.
Rf3 Rxf3 41. gxf3 Be5 42. Kg2 Bxg3 43. Kxg3 g5 44. Kf2 Kf7 45. Ke2 Kg6 46. Kf2 f4 47. Kf1 Kf6 48. Kf2 Ke5 49. Ke1 Kd5 50. Kd1 Kc4 51. Kc2 Kd4 52. Kd2 Kc5 53. Kc3 Kd5 54. Kd3 Ke5 55. Ke2 Kf6 56. Kf1 Kg6 57. Kg2 Kf7 58. Kf1 Ke6 59. Ke2 Kf5 60. Kf1 Kf6 61. Kf2 Kg7 62. Kg1 Kf8 63. Kf2 Kf7 64. Ke1 Ke6 65. Ke2 Ke5 66. Kd2 Kf5 67. Ke2 Ke6 68.
Kd1 Kd5 69. Ke1 Kc4 70. Ke2 Kc3 0-1

[Event "*** Titled Tuesday Blitz"]
[Site "Chess.com"]
[Date "2020.11.24"]
[Round "5"]
[White "beautroll"]
[Black "elcandado"]
[Result "0-1"]
[WhiteElo "2419"]
[BlackElo "2657"]
[TimeControl "180+1"]
[EndTime "11:13:28 PST"]
[Termination "elcandado won by resignation"]

1. e4 d6 2. d4 Nf6 3. Nc3 e5 4.
Nge2 Be7 5. h3 h5 6. g3 c6 7. a4 b6 8. Bg2 a6 9. Be3 Nbd7 10. O-O Bb7 11. f4 Qc7 12. Qe1 O-O 13. Bf3 Rfe8 14. g4 exd4 15. Bxd4 c5 16. Be3 Bf8 17.
Ng3 h4 18. g5 hxg3 19. gxf6 Nxf6 20. Bd2 Bc6 21. Kg2 Qb7 22. e5 Nd7 23. Qxg3 dxe5 24.
fxe5 Nxe5 25. Bxc6 Qxc6+ 26. Kh2 Ng6 27. Qg4 Rad8 28.
Rad1 Rd4 29. Qg2 Qd6+ 30. Kh1 Nh4 31. Qf2 Qc6+ 32. Kg1 Qg6+ 33. Kh1 Red8 34. Be3 Rxd1 35. Nxd1 Qc6+ 36. Kg1 Nf3+ 37. Qxf3 Qxf3 38. Rxf3 Rxd1+ 39. Kg2 f6 40. b3 Kf7 41. Bf4 Ke6 42. Bc7 Bd6 43. Bxb6 Rd2+ 44. Rf2 Rxf2+ 45. Kxf2 Kd5 46. Ke3 c4 47. Kf3 g6 48. Be3 f5 49. h4 Bc5 50.
Bxc5 Kxc5 51. Kf4 cxb3 52. cxb3 Kb4 53. Kg5 Kxb3 54. Kxg6 f4 55. h5 f3 56. h6 f2 57. h7 f1=Q 58. h8=Q Qd3+ 59. Kg5 Kxa4 60. Qe8+ Qb5+ 61. Qxb5+ Kxb5 62. Kf4 Kb4 63. Ke3 Kb3 64.
Kd2 Kb2 65. Kd3 a5 66. Kc4 a4 67. Kb4 a3 0-1

[Event "*** Titled Tuesday Blitz"]
[Site "Chess.com"]
[Date "2020.11.24"]
[Round "5"]
[White "korbul"]
[Black "Ural_bogatyr"]
[Result "1-0"]
[WhiteElo "2566"]
[BlackElo "2409"]
[TimeControl "180+1"]
[EndTime "11:13:30 PST"]
[Termination "korbul won by resignation"]

1. e4 e5 2. Nf3 Nc6 3. Bc4 Nf6 4.
d3 h6 5. c3 d6 6. h3 g5 7. b4 Bg7 8. a4 Ne7 9. a5 Ng6 10. g3 c6 11. Nbd2 O-O 12. Kf1 d5 13.
Bb3 g4 14. hxg4 Bxg4 15. Qc2 Nh5 16. Qa2 Qf6 17. Bd1 Rad8 18. Kg2 Nhf4+ 19. gxf4 Nxf4+ 20. Kf1 Bh3+ 21. Rxh3 Nxh3 22. Nb3 dxe4 23. Ng1 Nxg1 24. Kxg1 exd3 25. Be3 Qg6+ 26. Kf1 Qe4 27. Ke1 d2+ 28. Nxd2 Qh1+ 29. Nf1 Kh8 30. Bxa7 Rd3 31. Be2 Rxc3 32.
Qd2 e4 33. Bd4 Qh3 34. Bxg7+ Kxg7 35. Qd4+ Kg8 36. Rd1 Rb3 37. Qxe4 Qc3+ 38. Nd2 Rxb4 39. Qh1 Rd4 40. Qxh6 Rfd8 41. Qg5+ Kf8 42. Qe3 Qxe3 43. fxe3 R4d5 44. Nc4 Rxd1+ 45. Bxd1 Ke7 46. Ke2 Rd5 47.
e4 Rb5 48. Kd3 f6 49. Kd4 Rb4 50. Kc3 Rb5 51. Bg4 Rg5 52. Bf5 Rg3+ 53. Kd4 Rb3 54. Kc5 Rb5+ 55. Kd4 Rb3 56. Bg4 Rb5 57. Bd1 Rb1 58.
Bc2 Rb5 59. Ba4 Rb4 60. Bc2 Rb5 61. Kc3 Rc5 62. Kb4 Rb5+ 63. Kc3 Rc5 64. Ba4 Rg5 65. Kb4 Rh5 66. Ne3 Re5 67. Bc2 Kd6 68. Nc4+ Ke6 69.
Nxe5 fxe5 70. Kc5 Kd7 71. Kb6 Kc8 72. Bb3 Kb8 73. Be6 Ka8 74. Kc7 Ka7 75. Bc4 c5 76.
Kd6 b6 77. axb6+ Kxb6 78. Kxe5 Ka5 79. Kd6 Kb4 80. Bd5 c4 81. Bxc4 Kxc4 1-0

[Event "*** Titled Tuesday Blitz"]
[Site "Chess.com"]
[Date "2020.11.24"]
[Round "5"]
[White "Mazetovic"]
[Black "AlexeiShirov"]
[Result "0-1"]
[WhiteElo "2772"]
[BlackElo "2840"]
[TimeControl "180+1"]
[EndTime "11:13:31 PST"]
[Termination "AlexeiShirov won by resignation"]

1. e4 e5 2. Nf3 Nc6 3. Bb5 a6 4. Ba4 Nf6 5. Nc3 b5 6. Bb3 Be7 7. a4 b4 8. Nd5 Na5 9. Nxf6+ Bxf6 10. Bd5 c6 11. Ba2 c5 12. Bd5 Bb7 13. Bxb7 Nxb7 14.
b3 O-O 15. d3 g6 16. O-O Bg7 17. Nd2 f5 18. Nc4 f4 19. f3 Qf6 20. Bd2 g5 21.
Be1 Nd8 22. Kf2 h5 23. h3 Rb8 24. Ke2 Ne6 25. Bf2 g4 26. hxg4 hxg4 27. Rh1 g3 28. Bg1 Rfd8 29. Rh5 Qg6 30. Rh1 d5 31. exd5 Rxd5 32.
Rb1 Ng5 33. Kf1 e4 34. fxe4 Nxe4 35. Qf3 Nc3 36. Re1 Re8 37. Rxe8+ Qxe8 38. Rh4 Rd7 39.
Bxc5 Nd5 40. Rg4 Qe6 41. Rg5 Qh6 42. Qh5 Qxh5 43. Rxh5 f3 44. gxf3 Rf7 45. Nd2 Nf4 46. Rg5 g2+ 47. Rxg2 Nxg2 48. Kxg2 a5 49. Ne4 Bh6 50.
Bb6 Rf5 51. Kf2 Rh5 52. Kg3 Kf7 53. Kg4 Rh2 54. Bxa5 Bf8 55. Bb6 Rxc2 56. a5 Rb2 57. a6 Rxb3 58. a7 Ra3 59. Nd2 Ke6 60.
Nc4 Ra6 61. Be3 b3 62. f4 Be7 63. f5+ Kf7 64. Bd4 Bf6 65. Bxf6 Kxf6 66. Kf3 Rxa7 67.
Ke3 Ra2 68. Kd4 b2 69. Nd2 Ra1 70. Ne4+ Kxf5 0-1

[Event "*** Titled Tuesday Blitz"]
[Site "Chess.com"]
[Date "2020.11.24"]
[Round "5"]
[White "GMKrikor"]
[Black "ChessicallyInclined"]
[Result "0-1"]
[WhiteElo "2718"]
[BlackElo "2540"]
[TimeControl "180+1"]
[EndTime "11:13:34 PST"]
[Termination "ChessicallyInclined won by resignation"]

1. e4 d6 2. d4 Nf6 3. Nc3 g6 4. Be3 c6 5. h3 Nbd7 6. a4 Qc7 7. Qd2 Bg7 8. Nf3 O-O 9. Be2 e5 10. O-O exd4 11. Bxd4 Re8 12. Bd3 Ne5 13. Be2 Be6 14.
Rfe1 b6 15. Rad1 Rad8 16. Be3 Nxf3+ 17. Bxf3 d5 18. Bf4 Qc8 19. exd5 Nxd5 20. Nxd5 Bxd5 21. Rxe8+ Rxe8 22. Bxd5 cxd5 23. c3 Qc4 24. Be3 Rd8 25. Qc2 d4 26. b3 Qc8 27. Bg5 Rd5 28. Bc1 Qc5 29. Qe4 h5 30. Be3 Qxc3 31. Qxd5 dxe3 32. fxe3 Qxe3+ 33. Kh1 Be5 34. Qf3 Qg5 35. Re1 Kg7 36. Rf1 Bf6 37. Qf4 Qxf4 38. Rxf4 a5 39. Rc4 Be7 40. Kg1 Bc5+ 41. Kf1 f5 42. Ke2 Kf6 43. Kf3 Ke5 44. Ke2 g5 45. g4 hxg4 46. hxg4 fxg4 47. Rxg4 Kf5 48. Kf3 Bd6 49. Rc4 Bc5 50. Ke2 g4 51. Kf1 Kg5 52. Kg2 Kh4 53. Re4 Kg5 54. Kg3 Bd6+ 55. Kg2 Kf5 56. Rc4 Bc5 57. Kg3 Bd6+ 58.
Kh4 g3 59. Kh3 Ke6 60. Kg2 Kd5 61. Rg4 Kc5 62. Rc4+ Kd5 63. Kf3 Be5 64. Rc1 Bd6 65. Rd1+ Kc5 66. Rd2 Be5 67. Ke3 Bc3 68. Rc2 Kb4 69.
Kd3 Be1 70. Rb2 Bf2 71. Rc2 g2 72. Rc4+ Kxb3 73. Rg4 g1=Q 74. Re4 Qg3+ 75. Ke2 Bc5 0-1

[Event "*** Titled Tuesday Blitz"]
[Site "Chess.com"]
[Date "2020.11.24"]
[Round "5"]
[White "Ze-Pequeno"]
[Black "Itk04"]
[Result "1-0"]
[WhiteElo "2271"]
[BlackElo "2468"]
[TimeControl "180+1"]
[EndTime "11:13:34 PST"]
[Termination "Ze-Pequeno won by resignation"]

1. e4 c5 2. Nf3 a6 3. c3 d6 4.
d4 cxd4 5. cxd4 Nf6 6. Bd3 Nbd7 7. O-O e6 8. Nc3 Be7 9. e5 dxe5 10. dxe5 Nd5 11. Nxd5 exd5 12. Re1 O-O 13. Nd4 Nc5 14. Bc2 Be6 15. Qh5 g6 16. Qf3 Rc8 17. Bh6 Re8 18. Rac1 Bg5 19. Bxg5 Qxg5 20. g3 b5 21. h4 Qd2 22. Qd1 Qxd1 23. Rexd1 h5 24. f3 Nd7 25. f4 Nb6 26. b3 Rc3 27. Ne2 Rc5 28. Bd3 Rec8 29. Rxc5 Rxc5 30. Kf2 Bg4 31. Rc1 Rxc1 32. Nxc1 Kf8 33. Ke3 Ke7 34. Kd4 Kd7 35. Kc5 Kc7 36. Bf1 Be6 37. Nd3 Nd7+ 38. Kd4 Nb8 39. Nb4 Nc6+ 40. Nxc6 Kxc6 41. b4 Kb6 42. Bg2 a5 43. a3 axb4 44. axb4 Kc6 45. Bf3 f5 46. exf6 Kd6 47. Be2 Kc6 48. Ke5 Bf7 49.
Bd3 Kb6 50. Kd6 d4 51. Ke7 Bc4 52. Bxc4 bxc4 53. f7 d3 54. f8=Q Kb5 55. Ke6 Ka4 56. Qd6 Kb3 57. b5 Kc2 58. b6 c3 59. b7 d2 60.
b8=Q d1=Q 61. Qxd1+ Kxd1 62. Kf6 c2 63. Qd6+ Ke1 64.
Qc5 Kd2 65. Qd4+ Ke1 66. Qc3+ Kd1 67. Qd3+ Kc1 68. Kxg6 Kb2 69. Qd2 Kb1 70. Qxc2+ Kxc2 71. Kxh5 Kd3 72. f5 Ke4 73. f6 Ke5 74. f7 Ke4 75. f8=Q Ke3 76. g4 Ke4 77. g5 1-0

[Event "*** Titled Tuesday Blitz"]
[Site "Chess.com"]
[Date "2020.11.24"]
[Round "5"]
[White "MF1966Idrisov"]
[Black "Nils_03"]
[Result "0-1"]
[WhiteElo "2385"]
[BlackElo "2251"]
[TimeControl "180+1"]
[EndTime "11:13:34 PST"]
[Termination "Nils_03 won by resignation"]

1. Nf3 d5 2. b3 c5 3. Bb2 Nc6 4. e3 Bg4 5. Be2 e6 6. d4 Nf6 7. O-O Be7 8. Ne5 Bxe2 9. Qxe2 O-O 10. Nxc6 bxc6 11. dxc5 Bxc5 12. Nd2 a5 13. e4 a4 14. Rfd1 Qe7 15. exd5 cxd5 16. c4 a3 17. Bxf6 Qxf6 18. cxd5 exd5 19. Rac1 Rfe8 20. Qf3 Qb6 21. Nf1 Rad8 22.
Rxd5 Bxf2+ 23. Kh1 h6 24. Rcd1 Rxd5 25. Qxd5 Qa6 26. Ng3 Qe6 27. Qd3 Bxg3 28. hxg3 Qe2 29. Rd2 Qxd3 30. Rxd3 Re2 31. Rd8+ Kh7 32. Ra8 Rxa2 33.
b4 Kg6 34. b5 h5 35. b6 Rb2 36. Rxa3 Rxb6 37. Kh2 Rb5 38. Ra4 Kg5 39. Rc4 g6 40.
Ra4 Kh6 41. Rc4 f6 42. Rc6 Rf5 43. Ra6 g5 44. Rb6 Kg6 45. Ra6 Rb5 46. Rc6 Rb4 47. Rc5 h4 48. gxh4 Rxh4+ 49. Kg3 Ra4 50. Rb5 Ra3+ 51. Kh2 f5 52. Rb4 Kh5 53. Rc4 g4 54. Rc1 g3+ 55. Kg1 Kg4 56. Rb1 f4 57. Rc1 Ra2 58.
Rb1 Rd2 59. Rc1 Kf5 60. Rb1 Ke4 61. Re1+ Kd3 62. Kf1 Rf2+ 63. Kg1 Re2 64. Ra1 Kd2 65. Ra2+ Ke3 66. Ra3+ Ke4 67. Ra4+ Kf5 68. Ra5+ Kg4 69. Ra1 Rd2 70. Rb1 Kf5 71. Ra1 Ke4 72. Re1+ Kd3 73.
Rf1 Ke2 74. Kh1 Rd1 75. Rg1 Rxg1+ 76. Kxg1 Ke1 77. Kh1 f3 0-1

[Event "*** Titled Tuesday Blitz"]
[Site "Chess.com"]
[Date "2020.11.24"]
[Round "5"]
[White "onetowin"]
[Black "Matols"]
[Result "1/2-1/2"]
[WhiteElo "2110"]
[BlackElo "2238"]
[TimeControl "180+1"]
[EndTime "11:13:34 PST"]
[Termination "Game drawn by repetition"]

1. d4 Nf6 2. Nf3 e6 3. g3 d5 4.
Bg2 b5 5. O-O Bb7 6. a4 a6 7.
axb5 axb5 8. Rxa8 Bxa8 9. Nbd2 c5 10. c3 Nbd7 11. Qc2 Be7 12. dxc5 Nxc5 13. Re1 O-O 14. Nd4 Qb6 15. f3 Rc8 16. Kh1 Bb7 17. e4 dxe4 18. fxe4 h6 19. e5 Ng4 20. N2f3 h5 21. h3 Nh6 22. Bxh6 gxh6 23. Qe2 b4 24. Nh4 bxc3 25. bxc3 Bxg2+ 26. Kxg2 Bxh4 27. gxh4 Qb7+ 28. Kh2 Kh7 29. Qxh5 Rg8 30. Re2 Nd3 31. Qf3 Qxf3 32. Nxf3 Nf4 33. Rc2 Rc8 34. Nd4 Kg6 35. c4 Rc5 36. Nb3 Rxe5 37. c5 Nd5 38. c6 Nc7 39. Nd4 Re3 40.
Rb2 Rc3 41. Rb7 Nd5 42. Rd7 Nb6 43. Rd6 Nd5 44. Nb5 Rc2+ 45. Kg3 Kf6 46. Kf3 Ke7 47.
Rd7+ Kf6 48. Nd6 Ke5 49. Nxf7+ Kd4 50. Nxh6 e5 51. Ng4 e4+ 52. Kg3 e3 53. Rxd5+ Kxd5 54. Nxe3+ Kxc6 55. Ng4 Rc3+ 56. Kg2 Kd6 57. h5 Ke6 58. h6 Kf7 59. Kh2 Kg6 60. Kg2 Ra3 61.
Kh2 Rb3 62. Kg2 Rc3 63. Kh2 Rd3 64. Kg2 Rc3 65. Kh2 Ra3 66. Kg2 Ra2+ 67. Kg3 Ra3+ 68.
Kh4 Ra4 69. Kg3 Ra3+ 70. Kh4 Ra4 71. Kg3 Ra3+ 1/2-1/2

[Event "*** Titled Tuesday Blitz"]
[Site "Chess.com"]
[Date "2020.11.24"]
[Round "5"]
[White "eCztery"]
[Black "lefonghua"]
[Result "0-1"]
[WhiteElo "2351"]
[BlackElo "2512"]
[TimeControl "180+1"]
[EndTime "11:13:36 PST"]
[Termination "lefonghua won by resignation"]

1. e4 c5 2. Nf3 g6 3. c3 Nc6 4. d4 d5 5. exd5 Qxd5 6. Be3 cxd4 7.
cxd4 Bg7 8. Nc3 Qa5 9. Bc4 Nf6 10.
O-O O-O 11. Qd2 Bg4 12. Be2 Rfd8 13. h3 Bxf3 14. Bxf3 e5 15. d5 Ne7 16. Rad1 Nf5 17. Bg5 h6 18. Bxf6 Bxf6 19. d6 Rxd6 20. Nd5 Qxd2 21.
Rxd2 Kg7 22. Rfd1 Rad8 23. Kf1 b6 24. Ke1 Nd4 25. Be4 Bg5 26. f4 Bh4+ 27. Kf1 f6 28.
fxe5 fxe5 29. Ne3 Bg5 30. Rd3 Rf8+ 31. Kg1 Bxe3+ 32. Rxe3 Ne2+ 33. Rxe2 Rxd1+ 34. Kh2 Rd4 35. Bc2 Re8 36. Be4 Re7 37. b3 Red7 38. Re3 Rd2 39.
Rg3 R7d6 40. a4 Rb2 41. h4 Kf7 42. Kh3 Rf6 43. Rd3 Kg7 44. Rd7+ Rf7 45. Rd3 Re2 46. Bf3 Re1 47. Rd6 e4 48. Bg4 h5 49.
Bd7 e3 50. Bb5 e2 51. Re6 Rf2 52. Kg3 Rf5 53. Rxe2 Rxe2 54. Bxe2 Re5 55. Bc4 Kf6 56. Kf4 Re1 57. g4 hxg4 58. Kxg4 a5 59. Bd5 Rg1+ 60.
Kf4 Rf1+ 61. Kg4 Rg1+ 62. Kf4 Rb1 63. Bc4 Rb2 64. Kg4 Rg2+ 65. Kf4 Rh2 66. Kg4 Rd2 67. Kf4 Rd4+ 68. Kg3 Kf5 69. Be2 Ke4 70. h5 gxh5 71.
Bxh5 Ke3 72. Bg6 Rb4 73. Bf7 Kd2 74. Kf3 Kc3 75. Ke3 Rxb3 76. Bxb3 Kxb3 77. Kd3 Kxa4 78.
Kc4 b5+ 79. Kc3 Ka3 80. Kc2 Ka2 81. Kc3 b4+ 82. Kc4 b3 83. Kb5 b2 84. Ka4 b1=Q 85.
Kxa5 Qb3 0-1

[Event "*** Titled Tuesday Blitz"]
[Site "Chess.com"]
[Date "2020.11.24"]
[Round "5"]
[White "pooh2012"]
[Black "temus_galaktionov"]
[Result "0-1"]
[WhiteElo "2483"]
[BlackElo "2689"]
[TimeControl "180+1"]
[EndTime "11:13:41 PST"]
[Termination "temus_galaktionov won by resignation"]

1. d4 c6 2. Nc3 g6 3. h4 d6 4. h5 Bg7 5. e4 Qb6 6. Nge2 e5 7. d5 c5 8. Ng3 Nf6 9. Bg5 Nbd7 10. Qd2 h6 11. Be3 a6 12. Rb1 Ng4 13. hxg6 fxg6 14. Be2 Ndf6 15. b4 Nxe3 16. Qxe3 Nd7 17. Na4 Qc7 18. bxc5 dxc5 19. c4 Qa5+ 20. Nc3 Nf6 21. O-O O-O 22. Qd3 Ne8 23. Nd1 Nd6 24. Ne3 Bd7 25.
Bg4 Qc7 26. Be6+ Kh7 27. Bxd7 Qxd7 28. Rb6 h5 29. Rfb1 Rf7 30. f3 Bf6 31. Qa3 Bd8 32.
R6b2 b6 33. Rxb6 Bxb6 34. Rxb6 Rc8 35. Qxa6 Rd8 36. Rc6 Rff8 37. Qb6 Nf7 38. Rc7 Qd6 39. Qxd6 Rxd6 40. Rxc5 Ra8 41. Rc6 Rxc6 42. dxc6 Rc8 43. Ne2 Rxc6 44. Nc1 Kg7 45. Nd3 Ra6 46. c5 Rxa2 47. c6 Ra3 48. c7 Rc3 49. Nd5 Rc4 50. N3b4 Nd6 51. Na6 Kf7 52. Nb8 Ke6 53. Kh2 Ne8 54.
Na6 Rc6 55. Nab4 Rc1 56. Nd3 Nxc7 57. Nf2 Nxd5 58. exd5+ Kxd5 59. Nd3 Rc4 60. Nf2 Rd4 61. Kg3 Ke6 62. Nh3 Kf5 63. Nf2 g5 64. Kh2 g4 65.
fxg4+ hxg4 66. Kg3 Ra4 67. Kh2 e4 68. Nd1 Ra3 69.
Kg1 g3 70. Kf1 Kf4 71. Ke2 Ra2+ 72. Kf1 e3 73. Ke1 Rxg2 74. Nc3 Kf3 75. Kd1 Rg1+ 76.
Kc2 e2 77. Nxe2 Kxe2 0-1

[Event "*** Titled Tuesday Blitz"]
[Site "Chess.com"]
[Date "2020.11.24"]
[Round "5"]
[White "gumimis"]
[Black "zocpoc71"]
[Result "1-0"]
[WhiteElo "2294"]
[BlackElo "2485"]
[TimeControl "180+1"]
[EndTime "11:13:43 PST"]
[Termination "gumimis won by resignation"]

1. e4 e5 2. Nf3 Nc6 3. Bb5 Bc5 4. O-O Qf6 5. c3 Nge7 6. Re1 h6 7. d4 Bb6 8. Be3 O-O 9. Na3 d6 10. Nc4 Ng6 11. h3 Nce7 12. Qd2 Bxh3 13. Nfxe5 dxe5 14. gxh3 c6 15. Ba4 Nh4 16. Nxe5 Neg6 17. Qe2 Nxe5 18.
dxe5 Qxe5 19. Qg4 Qf6 20. Kh1 Qf3+ 21. Qxf3 Nxf3 22. Re2 Rfe8 23. Bc2 Rad8 24. Bxb6 axb6 25. Rd1 Rxd1+ 26. Bxd1 f5 27. exf5 Rxe2 28. Bxe2 Ne5 29. Kg2 Kf7 30. Kg3 Kf6 31. Kf4 Nf7 32. Bc4 Nd6 33.
Be6 g6 34. h4 gxf5 35. Bb3 b5 36. Bc2 c5 37. b4 c4 38. f3 b6 39. Bd1 Ke6 40. Bc2 Kf6 41. Bd1 Nf7 42. a4 bxa4 43. Bxa4 Ne5 44. Bb5 Ke6 45. h5 Kf6 46. Ba6 Nd3+ 47. Ke3 Nb2 48. Kd4 Kg5 49. Bxc4 Kxh5 50. Be6 Kg5 51. c4 h5 52. c5 bxc5+ 53. bxc5 h4 54. c6 Na4 55. c7 Nb6 56. Kc5 Na4+ 57.
Kb4 Nb6 58. Kb5 Nc8 59. Bxc8 h3 60. Bb7 h2 61. f4+ Kxf4 62. c8=Q Kg3 63. Qg8+ Kf2 64. Qf7 f4 65. Qxf4+ 1-0

[Event "*** Titled Tuesday Blitz"]
[Site "Chess.com"]
[Date "2020.11.24"]
[Round "5"]
[White "GoltsevDmitry2000"]
[Black "geordie_derraugh"]
[Result "0-1"]
[WhiteElo "2659"]
[BlackElo "2474"]
[TimeControl "180+1"]
[EndTime "11:13:49 PST"]
[Termination "geordie_derraugh won by checkmate"]

1. e4 c5 2. Nf3 e6 3. d4 cxd4 4.
Nxd4 Nc6 5. Nc3 Qc7 6. Be2 a6 7. Be3 Nf6 8. O-O d6 9. f4 Bd7 10. Bf3 b5 11. a3 Be7 12. Qd2 e5 13. Nf5 Bxf5 14. exf5 Rd8 15. Rad1 O-O 16. Qf2 Qd7 17. Qg3 Nd4 18. fxe5 Nxf5 19. Qf2 Nxe3 20. Qxe3 Qe6 21. Bd5 Nxd5 22. Rxd5 Bf6 23. Rxf6 gxf6 24. Qg3+ Kh8 25. exd6 Rg8 26. Qf2 Rxd6 27. Rh5 Qg4 28. Rf5 Rd2 29. Qxd2 Qxf5 30. Ne2 Qe4 31. Ng3 Qe5 32. c3 Re8 33.
Nf1 Qc5+ 34. Kh1 Qf5 35. Kg1 Qe5 36. Qf2 f5 37. Qb6 Qe6 38. Qd4+ f6 39. h4 Rg8 40.
Ne3 Qe5 41. Qxe5 fxe5 42. Nxf5 Rd8 43. Nh6 Kg7 44. Ng4 e4 45. Ne3 Rd2 46. b4 Ra2 47. c4 bxc4 48. Nxc4 Rc2 49. Ne3 Rc3 50. Nf5+ Kf6 51.
Nd6 Ke5 52. Nf7+ Kd4 53. a4 Ra3 54. b5 Rxa4 55. bxa6 Rxa6 56. Ng5 Ra1+ 57. Kf2 e3+ 58. Kg3 Ra2 59. Nxh7 e2 60. Kf2 Kd3 61. Ng5 Ra1 62. Nf3 Rf1+ 63. Kg3 Rxf3+ 64. gxf3 e1=Q+ 65. Kg4 Qg1+ 66.
Kf5 Ke3 67. h5 Kxf3 68. h6 Qg4+ 69. Kf6 Qh5 70. Kg7 Qg5+ 71. Kh7 Kf4 72. Kh8 Qxh6+ 73. Kg8 Qg6+ 74. Kh8 Qf6+ 75. Kg8 Qe7 76. Kh8 Kg5 77. Kg8 Kg6 78. Kh8 Qg7# 0-1

[Event "*** Titled Tuesday Blitz"]
[Site "Chess.com"]
[Date "2020.11.24"]
[Round "5"]
[White "XDPS"]
[Black "GameOverBro"]
[Result "1-0"]
[WhiteElo "2708"]
[BlackElo "2504"]
[TimeControl "180+1"]
[EndTime "11:13:52 PST"]
[Termination "XDPS won by checkmate"]

1. e4 d6 2. d4 Nf6 3. Nd2 e5 4. c3 c6 5. Ngf3 Nbd7 6. Bd3 Be7 7. O-O O-O 8. Re1 Qc7 9. Nf1 Re8 10. Ng3 Bf8 11.
h3 a5 12. a4 g6 13. Bg5 Bg7 14. Qd2 Nf8 15. Bh6 Ne6 16. Bc2 b6 17. Rad1 Ba6 18. Nh4 exd4 19. cxd4 c5 20. Bxg7 Nxg7 21. d5 Nd7 22. f4 Rad8 23. f5 Re5 24. Nf3 Rde8 25. Qh6 Nf6 26. Qh4 Qe7 27. b3 Nd7 28. Qh6 Nf6 29. Kh2 Kh8 30. Re3 Ng8 31. Qf4 Nf6 32. Rd2 Ngh5 33. Nxh5 Nxh5 34. Qh6 Bc8 35. Rde2 Rg8 36.
g4 Nf6 37. Qf4 g5 38. Qg3 h5 39. Nxe5 dxe5 40. Rd2 Qd6 41. Bd1 h4 42. Qe1 Kg7 43. Rc3 Bd7 44. Bf3 Rb8 45. Qc1 Be8 46. Rdc2 Bd7 47.
Qf1 Be8 48. Qa6 Bd7 49. Rxc5 Be8 50. Rc7 Qb4 51. Qc4 Qe1 52. Bg2 Qg3+ 53. Kh1 b5 54. Qc3 Qf4 55. Qd2 bxa4 56. Qxf4 gxf4 57. bxa4 Bxa4 58.
Ra2 Be8 59. g5 Nh5 60. f6+ Kg6 61. Bf3 Ng3+ 62. Kg2 Rb1 63. d6 Bb5 64. d7 Bxd7 65. Rxd7 a4 66. Ra7 Kxg5 67. Rxf7 a3 68. Rg7+ Kxf6 69. Ra7 Kg5 70. R7xa3 Rc1 71. Ra5 Rc4 72. Rxe5+ Kf6 73. Rd5 Kg6 74. Rad2 Kf6 75. Rd6+ Ke7 76. Rd7+ Ke6 77. Bg4+ Ke5 78. Re7+ Kf6 79. Re6+ Kf7 80. Rd7+ Kf8 81. Ra6 Rc2+ 82. Kf3 Rc3+ 83. Kxf4 Rc8 84. Rf6+ Kg8 85. Be6+ Kh8 86. Rh6# 1-0

[Event "*** Titled Tuesday Blitz"]
[Site "Chess.com"]
[Date "2020.11.24"]
[Round "5"]
[White "Snegokhod"]
[Black "HaryKane"]
[Result "0-1"]
[WhiteElo "2422"]
[BlackElo "2595"]
[TimeControl "180+1"]
[EndTime "11:13:54 PST"]
[Termination "HaryKane won on time"]

1. d4 e6 2. c4 f5 3. g4 Nf6 4. gxf5 exf5 5. Nc3 Bb4 6. Bg2 O-O 7. Nf3 Ne4 8. Bd2 Bxc3 9. Bxc3 Nxc3 10. bxc3 d6 11. Qd2 Nc6 12. O-O h6 13. Kh1 Na5 14. Ne1 Rb8 15. Nd3 c6 16. c5 Nc4 17. Qf4 Be6 18. Rg1 Qe7 19. Bf3 Rf6 20. Rab1 Re8 21. cxd6 Nxd6 22. Ne5 Bd5 23. Rg3 Ne4 24. Rg2 Nxc3 25. Rbg1 Bxf3 26. Qxf3 Ne4 27. Qh5 Rd8 28. f3 Ng5 29. h4 Ne6 30. e3 Kh7 31. f4 Rg8 32.
Rg6 Nf8 33. R6g3 Re6 34. Kh2 Nd7 35. Kh3 Nxe5 36. dxe5 Qe8 37. Qxf5+ Kh8 38. h5 Re7 39.
Rg6 Qd7 40. e6 Qd2 41. R1g3 Qe1 42. Qe4 Qf1+ 43. Kh2 Qf2+ 44. Rg2 Qh4+ 45. Kg1 Qxh5 46. f5 Qd1+ 47. Kh2 Qh5+ 48. Kg1 Rd8 49. Rf2 Rd1+ 50.
Rf1 Rd2 51. Rf2 Rd1+ 52. Rf1 Qe2 53. Rxd1 Qxd1+ 54. Kg2 Qe2+ 55. Kg3 Qe1+ 56. Kg2 Qe2+ 57. Kg3 Qe1+ 58. Kg2 Qd2+ 59. Kf3 Qd5 60. Kf4 Qd6+ 61. Qe5 Qb4+ 62. e4 Qd2+ 63. Kf3 Qd1+ 64. Kf2 Qd2+ 65.
Kf3 Qd3+ 66. Kf2 Qd2+ 67. Kg3 Qe3+ 68. Kh4 Qf2+ 69. Kh3 Qf3+ 70. Rg3 Qh5+ 71. Kg2 Qe2+ 72. Kh3 Qh5+ 73. Kg2 Kh7 74. Qf4 Qe2+ 75. Kh3 Qh5+ 76. Kg2 Qe2+ 77. Kh3 Re8 78. Qg4 Qf1+ 79. Kh2 Rg8 80.
Rg2 Qd3 81. e7 Qd6+ 0-1

[Event "*** Titled Tuesday Blitz"]
[Site "Chess.com"]
[Date "2020.11.24"]
[Round "5"]
[White "PLAYER_2006_M"]
[Black "Omk124"]
[Result "1/2-1/2"]
[WhiteElo "2493"]
[BlackElo "2353"]
[TimeControl "180+1"]
[EndTime "11:13:59 PST"]
[Termination "Game drawn by stalemate"]

1. d4 Nf6 2. Nc3 d5 3. Bf4 e6 4. e3 a6 5. g4 c5 6. g5 Nfd7 7. h4 Nc6 8. Nf3 Be7 9. Ne2 b5 10. c3 Bb7 11. Bg2 O-O 12. O-O Nb6 13. Ng3 f6 14.
Qd3 f5 15. Ne5 Nxe5 16. Bxe5 Nc4 17. b3 Nxe5 18. dxe5 c4 19. Qd4 Qc7 20. b4 a5 21.
a3 axb4 22. axb4 Rfc8 23. Ne2 Bd8 24. Nf4 Qd7 25. e4 fxe4 26. Bh3 Rc6 27. Rxa8 Bxa8 28. Ra1 Bb7 29. Rd1 Bb6 30. Qxe4 Qf7 31. Qf3 Bc7 32. Re1 Ra6 33. Qg4 Bc8 34. Nxd5 Ra2 35. Re2 Rxe2 36.
Qxe2 exd5 37. Bxc8 Qf4 38. Be6+ Kh8 39. Qa2 Qf8 40.
Bxd5 Bxe5 41. Qa6 Bxc3 42. Qxb5 Bxb4 43. Qxc4 Bc5 44. Qc2 h6 45. g6 Qd6 46. Qf5 Qg3+ 47.
Kf1 Qd6 48. h5 Qf8 49. Bf7 Qb8 50. Kg2 Qb7+ 51. Bd5 Qb8 52. Kh3 Qf8 53. Bf7 Qe7 54. Kg4 Qe2+ 55. Kg3 Qxf2+ 56. Qxf2 Bxf2+ 57. Kf3 Bd4 58. Be6 Bf6 59. Bg4 Be7 60. Ke4 Bf6 61. Kd5 Ba1 62.
Ke6 Bf6 63. Kf7 Bg5 64. Bf5 Bf6 65. Kf8 Bg5 66. Be6 Bf6 67. Ke8 Ba1 68. Kd7 Bb2 69. Kc6 Bc3 70. Kd5 Bf6 71. Bg4 Ba1 72. Kd6 Be5+ 73.
Kd7 Bf6 74. Ke6 Ba1 75. Kd5 Bf6 76. Ke4 Be5 77. Kxe5 Kg8 78. Kd6 Kh8 79. Ke7 Kg8 80.
Ke8 Kh8 81. Bf3 Kg8 82. Bd5+ Kh8 83. Bc6 Kg8 84. Ke7 Kh8 85. Ke6 Kg8 86. Bd5 Kh8 87. Ba2 Kg8 88. Ke7+ Kh8 89. Bb1 Kg8 90. Bf5 Kh8 91.
Ke8 Kg8 92. Bc8 Kh8 93. Ba6 Kg8 94. Bc4+ Kh8 95. Bg8 Kxg8 96. Ke7 Kh8 97. Kf8 1/2-1/2